 Dungeon Crawl Stone Soup version 0.31-a0-365-gcf821cafb2 (webtiles) character file.

Game seed: 817535562012832835

2 drugrobin the Sneak (level 1, -1/18 HPs)
             Began as a Demigod Delver on July 27, 2023.
             Slain by an ufetubus (2 damage)
             ... on level 5 of the Dungeon.
             The game lasted 00:01:19 (422 turns).

drugrobin the Sneak (Demigod Delver)                 Turns: 422, Time: 00:01:20

Health: -1/18      AC:  3    Str: 13    XL:     1   Next: 20%
Magic:  3/3        EV: 11    Int: 12    God:
Gold:   40         SH:  0    Dex: 15    Spells: 0/0 levels left

rFire   . . .        a - +0 hand axe
rCold   . . .        (no shield)
rNeg    . . .        j - +0 leather armour
rPois   .            (no helmet)
rElec   .            (no cloak)
rCorr   .            (no gloves)
SInv    .            (no boots)
Will    .....        (no amulet)
Stlth   +++          (no ring)
HPRegen 0.23/turn    (no ring)
MPRegen 0.08/turn

%: no passive effects
@: hasted, very quick
A: high MP 1, forlorn, divine attributes
a: no special abilities


You were on level 5 of the Dungeon.
You visited 1 branch of the dungeon, and saw 1 of its levels.

You collected 40 gold pieces.

Inventory:

Hand Weapons
 a - a +0 hand axe (weapon)
 b - a +0 dagger of speed
Armour
 j - a +0 leather armour (worn)
Wands
 g - a wand of digging (3)
Scrolls
 c - a scroll of fog
 d - a scroll of revelation
 e - a scroll of fear
 h - a scroll of poison {unknown}
 i - a scroll of identify {unknown}


   Skills:
 - Level 2.6 Fighting
 + Level 2.0 Axes
 - Level 1.7 Dodging
 - Level 4.5 Stealth


You couldn't memorise any spells.
You didn't know any spells.
Your spell library was empty.

Dungeon Overview and Level Annotations

Branches:
Dungeon (5/15)
 Temple: D:4-7

Annotations:
D:5 exclusions: adder and 2 ufetubi


Innate Abilities, Weirdness & Mutations

You have an increased reservoir of magic. (+10% MP)
You shall have no god before yourself.
Your divine heritage dramatically boosts your attributes as you level up.


Message History

You open the door.
An adder comes into view.
Found a sparkling altar of Nemelex Xobeh.
Unknown command.
You close the door.
An ufetubus comes into view.
Found a stone staircase leading up.
You now have 40 gold pieces (gained 12).
Partly explored, can't reach some places.
Unknown command.
Unknown command.
Partly explored, can't reach some places.
Partly explored, can't reach some places.
Unknown command.
There is a stone staircase leading down here.
Really walk into a travel-excluded area?
Unknown command.
a - a +0 hand axe (weapon)
An ogre comes into view. It is wielding a +0 giant spiked club.
The ufetubus shouts!
The ufetubus hits you but does no damage.
The ufetubus hits you.
You miss the ufetubus. The ufetubus hits you. The ufetubus barely misses you.
The ufetubus hits you. The ufetubus barely misses you.
You barely miss the ufetubus.
The ufetubus hits you but does no damage.
The ufetubus misses you.
The ufetubus hits you but does no damage.
The ufetubus hits you.
You barely miss the ufetubus. The ufetubus hits you.
The ufetubus closely misses you.
You feel yourself speed up. The ufetubus closely misses you.
The ufetubus hits you.
* * * LOW HITPOINT WARNING * * *
The ufetubus hits you.
* * * LOW HITPOINT WARNING * * *
The ufetubus barely misses you. The ufetubus attacks as you move away!
The ufetubus barely misses you. The ufetubus hits you.
You die...

.# ... #.. ..# .#
....⌠ #.##... .#
.# ......_ #.#...
# .####......⌠.⌠
#.<...
....+...S.....+
.....
.####.........#
...# ## ...... ..#
# .....########.#
#........@.##.#
##..######5##.#
#..######.##.#
#..##........#
##..##.###.####
##..........# ##
#..........##
.#######>...#.##.#
..............##.#


You could see an ufetubus.

Vanquished Creatures
  An orc (D:5)
1 creature vanquished.

Notes
Turn   | Place    | Note
-------+----------+-------------------------------------------
     0 | D:5      | drugrobin the Demigod Delver began the quest for the Orb.
     0 | D:5      | Reached XP level 1. HP: 18/18 MP: 3/3
   410 | D:5      | Noticed an ogre
   422 | D:5      | Slain by an ufetubus

Illustrated notes

Levels and vault maps discovered:
D:5:      layout_loops_corners, nemelex_xobeh_ov_fountains_minmay,
          lemuel_crystal_altar, nicolae_houndstooth_variations

Skill      XL: |  1 |
---------------+----+-----
Axes           | 2 |  2.0
Fighting       | |  2.6
Dodging        | |  1.7
Stealth        | |  4.5

Action                     || total
---------------------------++-------
  Melee: Hand axe          ||    10
    Use: Potion            ||     1
   Stab: Sleeping          ||     1
 Armour: Leather armour    ||     5
  Dodge: Dodged            ||    13

Table legend: (Time is in decaauts)
 A = Elapsed time spent in this place.
 B = Non-inter-level travel time spent in this place.
 C = Inter-level travel time spent in this place.
 D = Time resting spent in this place.
 E = Time spent auto-exploring this place.
 F = Levels seen in this place.
 G = Mean time per level.
                   A        B        C        D        E       F      G
               +--------+--------+--------+--------+--------+-----+--------+
         Total |    423 |    379 |     44 |      0 |    240 |   1 |  423.0 |
       Dungeon |    423 |    379 |     44 |      0 |    240 |   1 |  423.0 |
               +--------+--------+--------+--------+--------+-----+--------+

Top non-repeatable levels by time:
     D:5: 423 daAuts
